 Dungeon Crawl Stone Soup version 0.30-a0-830-gfe289a77b0 (webtiles) character file.

Game seed: 3739882721598910390

39 Esekla the Sneak (level 3, -5/26 HPs)
             Began as an Octopode Delver on Mar 1, 2023.
             Splashed by a jelly's acid (7 damage)
             ... on level 5 of the Dungeon.
             The game lasted 00:02:57 (132 turns).

Esekla the Sneak (Octopode Delver)                   Turns: 132, Time: 00:02:57

Health: -5/26      AC: -3    Str: 11    XL:     3   Next: 45%
Magic:  3/3        EV: 13    Int: 14    God:
Gold:   0          SH:  0    Dex: 13    Spells: 3/3 levels left

rFire   . . .      SeeInvis .    a - +0 falchion
rCold   . . .      Faith    .    (no shield)
rNeg    . . .      Spirit   .    (helmet restricted)
rPois   .          Reflect  .    (no amulet)
rElec   .          Harm     .    (no ring)
rCorr   .          Rampage  .    (no ring)
Will    .....                    (no ring)
Stlth   +++++                    (no ring)
HPRegen 0.24/turn                (no ring)
MPRegen 0.08/turn                (no ring)
                                 (no ring)
                                 (no ring)

@: corroded
A: almost no armour, amphibious, 8 rings, camouflage 1, gelatinous body 1,
nimble swimmer 1, tentacles
a: no special abilities


You were on level 5 of the Dungeon.
You visited 1 branch of the dungeon, and saw 1 of its levels.

Inventory:

Hand Weapons
 a - a +0 falchion (weapon)
Wands
 f - a wand of digging (3)
Scrolls
 b - a scroll of fog
Potions
 c - a potion of degeneration {unknown}
 e - a potion of haste


   Skills:
 * Level 3.3 Fighting
 * Level 2.2 Long Blades
 * Level 2.2 Dodging
 + Level 7.3 Stealth
 * Level 0.6 Spellcasting


You had 3 spell levels left.
You didn't know any spells.
Your spell library was empty.

Dungeon Overview and Level Annotations

Branches:
Dungeon (5/15)             Temple (0/1) D:5

Altars:
Dithmenos

Shops:
D:5 ?


Innate Abilities, Weirdness & Mutations

You cannot wear most types of armour.
You are amphibious.
You can wear up to eight rings at the same time.
Your skin changes colour to match your surroundings (Stealth+).
Your rubbery body absorbs attacks. (AC +1, EV +1)
You are camouflaged when in or above water. (Stealth+)
You have tentacles for arms and can constrict up to eight enemies at once.


Message History

You hear a shout!
The howler monkey hoots and howls with incredible vigour!
An iguana comes into view.
A gnoll comes into view. It is wielding a +0 whip.
The gnoll shouts!
You hear a shout! x12; You hear an angry hiss.
You hear a shout!
You barely miss the howler monkey.
The howler monkey is moderately wounded.
You constrict the howler monkey. The howler monkey hits you.
The howler monkey barely misses you.
You hit the howler monkey but do no damage.
The howler monkey is moderately wounded.
You constrict the howler monkey. The howler monkey hits you.
You slash the howler monkey!
You kill the howler monkey!
A gnoll comes into view. It is wielding a +0 club.
Your Stealth skill increases to level 7!
You have reached level 2!
You have reached level 3!
Your experience leads to an increase in your attributes!
Increase (S)trength, (I)ntelligence, or (D)exterity?
You feel clever. x2
You barely miss the gnoll. Your grab misses the gnoll. The gnoll misses you.
As you read the scroll of fear, it crumbles to dust.
You assume a fearsome visage.
The iguana looks frightened!
The gnoll looks frightened! x3
A jelly comes into view.
The jelly quivers.
The jelly attacks as you move away! The jelly hits you but does no damage.
You enter the deep water.
The jelly attacks as you move away! The jelly hits you.
You are splashed with acid!
You hit the jelly but do no damage.
Your tentacles burn!
* * * LOW HITPOINT WARNING * * *
You squeeze the jelly.
The jelly is moderately wounded.
The jelly hits you.
* * * LOW HITPOINT WARNING * * *
The acid corrodes you!
You are splashed with acid!
You die...

* #.# #####.#.##
*,**,,* * #.# #.#.##
*,,,,,, * #.# #.#†.#
****,,* * #.#
#.##.##### *,,* * #.#
#.##.....# *,,*
****#.#*****#.##.###.#
*,,*
,,,,,,,,,..♣♣♣♣♣♣♣♣♣.#
*,,,
**********♣.........♣#
**,*
*******♣.≈≈≈≈@J≈.♣ *>*
*,,,,,,♣≈..≈≈≈..≈♣
****,*
#.*****♣≈.≈...≈.≈♣
*,,,,* #.# ♣≈.≈._.≈.≈♣
*,,,,* #.# ♣≈.≈...≈.≈♣
******* #.#
♣≈..≈≈≈..≈♣ *,,,,,,
#.# ♣.≈≈≈≈≈≈≈.♣
*,,,,,, #.#
#♣........)♣# *,,,,,,
##.#####.♣♣♣♣♣♣♣♣♣.#
*,,,,,,


You could see a jelly.

Vanquished Creatures
  A howler monkey (D:5)
  A quokka (D:5)
2 creatures vanquished.

Notes
Turn   | Place    | Note
-------+----------+-------------------------------------------
     0 | D:5      | Esekla the Octopode Delver began the quest for the Orb.
     0 | D:5      | Reached XP level 1. HP: 16/16 MP: 1/1
    13 | D:5      | Noticed a scorpion
    30 | D:5      | Found a shadowy altar of Dithmenos.
    91 | D:5      | Noticed a sky beast
    95 | D:5      | Noticed a howler monkey
   102 | D:5      | Noticed an iguana
   105 | D:5      | Killed a howler monkey
   106 | D:5      | Reached skill level 7 in Stealth
   106 | D:5      | Reached XP level 2. HP: 10/21 MP: 2/2
   106 | D:5      | Reached XP level 3. HP: 12/26 MP: 3/3
   132 | D:5      | Splashed by a jelly's acid

Illustrated notes

Levels and vault maps discovered:
D:5:      layout_loops_ring, mainiacjoe_overflow_paths,
          mainiacjoe_overflow_tiny_flanked, lemuel_temple_firewalk_b,
          serial_shops, nicolae_stop_n_shop_1, grunt_tough_drop

Skill      XL: |  1 |
---------------+----+-----
Stealth        | 7 |  7.3
Fighting       | |  3.3
Long Blades    | |  2.2
Dodging        | |  2.2
Spellcasting   | |  0.6

Action                     || total
---------------------------++-------
  Melee: Falchion          ||    10
         Constrict         ||     2
         Tentacles         ||     2
    Use: Scroll            ||     2
   Stab: Sleeping          ||     1
 Armour: Skin              ||     1
  Dodge: Dodged            ||     5

Table legend: (Time is in decaauts)
 A = Elapsed time spent in this place.
 B = Non-inter-level travel time spent in this place.
 C = Inter-level travel time spent in this place.
 D = Time resting spent in this place.
 E = Time spent auto-exploring this place.
 F = Levels seen in this place.
 G = Mean time per level.
                   A        B        C        D        E       F      G
               +--------+--------+--------+--------+--------+-----+--------+
         Total |    133 |    133 |      0 |      0 |      0 |   1 |  133.0 |
       Dungeon |    133 |    133 |      0 |      0 |      0 |   1 |  133.0 |
               +--------+--------+--------+--------+--------+-----+--------+

Top non-repeatable levels by time:
     D:5: 133 daAuts
